[ AOE2 MATCH · #505835894 ]
UnrankedItalians vs Gurjaras
Player's team · WIN
Rival team · LOSS
[ REPLAY ANALYSIS · EXTRACTED FROM THE RECORDED GAME ]
Feudal
—
Castle
—
Imperial
—
| APM avg | 77.7 |
| APM peak | 95 |
| eAPM avg | 31.9 |
| Villagers / military | 5 / 0 |
Focus
⚔️ 32.3% · 🌾 67.7%
Feudal
—
Castle
—
Imperial
—
| APM avg | 61.8 |
| APM peak | 70 |
| eAPM avg | 37.0 |
| Villagers / military | 8 / 0 |
Focus
⚔️ 39.4% · 🌾 60.6%
Match map
Initial resources + every placement click. Lines = walls · curves = elevation contours. ◆ gold · ⬟ stone · ● berries · ✦ relic · ◌ wall gap
Your base
Phoebus Apollo's base
Smoothed initial terrain · ◌ = detected wall gap · hover for details
Inputs per minute
— Ceeelebrate - - Phoebus Apollo
Build order — Ceeelebrate
10 actions detected in the replay
| 0:00 | Create | Villager (Male) |
| 0:01 | Build | House |
| 0:02 | Build | House |
| 0:05 | Research | Loom |
| 0:05 | Create | Villager (Male) |
| 0:06 | Create | Villager (Male) |
| 0:06 | Create | Villager (Male) |
| 0:42 | Build | Palisade Wall |
| 1:47 | Create | Villager (Male) |
| 2:46 | Build | House |
Build order — Phoebus Apollo
15 actions detected in the replay
| 0:00 | Create | Villager (Male) |
| 0:00 | Create | Villager (Male) |
| 0:00 | Create | Villager (Male) |
| 0:01 | Create | Villager (Male) |
| 0:02 | Build | House |
| 0:03 | Build | House |
| 0:15 | Research | Loom |
| 0:22 | Build | Palisade Wall |
| 0:25 | Create | Villager (Male) |
| 0:33 | Create | Villager (Male) |
| 0:33 | Create | Villager (Male) |
| 2:10 | Build | Palisade Wall |
| 2:11 | Build | Palisade Wall |
| 2:19 | Create | Villager (Male) |
| 2:22 | Build | Palisade Wall |
Match timeline
| 0:22 | Phoebus Apollo · wall_segment Palisade Wall x5 |
| 0:42 | Ceeelebrate · wall_segment Palisade Wall x7 |
| 2:10 | Phoebus Apollo · wall_segment Palisade Wall x1 |
| 2:11 | Phoebus Apollo · wall_segment Palisade Wall x1 |
| 2:22 | Phoebus Apollo · wall_segment Palisade Wall x1 |
| 2:56 | Phoebus Apollo · resign |
[ AI ANALYSIS · 1 CREDIT ]
What really happened in this match?
Wolo.gg analyzes every decision: build order, eco, micro, common mistakes by bracket. Personalized analysis on WhatsApp or Discord in 30 seconds.
Civ guide
Italians
Perfil
Jugador #2495375